 Dungeon Crawl Stone Soup version 0.31.0-12-g77e489cdc1 (webtiles) character file.

Game seed: 12368983976388193146

313 Gadfly the Sneak (level 6, -8/30 HPs)
             Began as a Spriggan Enchanter on Feb 16, 2024.
             Killed from afar by Blork the orc (9 damage)
             ... with a magic dart
             ... on level 4 of the Dungeon.
             The game lasted 00:06:07 (3483 turns).

Gadfly the Sneak (Spriggan Enchanter)               Turns: 3483, Time: 00:06:07

Health: -8/30      AC:  2    Str:  4    XL:     6   Next: 19%
Magic:  4/12       EV: 18    Int: 17    God:
Gold:   231        SH:  0    Dex: 17    Spells: 7/12 levels left

rFire   . . .        a - +2 dagger
rCold   . . .        (no shield)
rNeg    . . .        b - +0 robe
rPois   .            (helmet restricted)
rElec   .            (no cloak)
rCorr   .            (gloves unavailable)
SInv    +            (boots unavailable)
Will    +....        (no amulet)
Stlth   +++          (no ring)
HPRegen 0.25/turn    (no ring)
MPRegen 0.13/turn

%: no passive effects
@: very slightly contaminated, very quick
A: very small, no large weapons, unfitting armour, see invisible, speed 3
a: no special abilities


You were on level 4 of the Dungeon.
You visited 1 branch of the dungeon, and saw 4 of its levels.

You collected 231 gold pieces.

Inventory:

Hand Weapons
 a - a +2 dagger (weapon)
Armour
 b - a +0 robe (worn)
Jewellery
 i - a ring of poison resistance
Scrolls
 d - a scroll of enchant weapon
 g - 2 scrolls of identify
 j - a scroll of vulnerability {unknown}
Potions
 c - 2 potions of invisibility
 e - a potion of haste
 f - a potion of heal wounds
 h - a potion of curing {unknown}
 k - a potion of brilliance {unknown}


   Skills:
 + Level 1.7 Fighting
 + Level 2.8 Short Blades
 + Level 4.1 Dodging
 + Level 5.7 Stealth
 + Level 3.7 Spellcasting
 + Level 4.5 Hexes
 + Level 2.7 Evocations


You had 7 spell levels left.
You knew the following spells:

 Your Spells              Type           Power      Damage    Failure   Level
a - Ensorcelled Hibernat  Hex/Ice        20%        N/A       10%         2
b - Confusing Touch       Hex            18%        N/A       8%          3

Your spell library contained the following spells:

 Spells                   Type           Power      Damage    Failure   Level
 Tukima's Dance           Hex            18%        N/A       8%          3
 Dazzling Flash           Conj/Hex       20%        N/A       19%         3
 Ozocubu's Armour         Ice            3%         N/A       43%         3
 Metabolic Englaciation   Hex/Ice        5%         N/A       87%         5
 Sculpt Simulacrum        Ice/Alch       1%         N/A       100%        6


Dungeon Overview and Level Annotations

Branches:
Dungeon (4/15)
 Temple: D:4-7

Altars:
Elyvilon
Okawaru
The Shining One

Shops:
D:1 =

Annotations:
D:4 Blork the orc, Robin


Innate Abilities, Weirdness & Mutations

You are very small and have problems with some larger weapons.
You are too small for most types of armour.
You have supernaturally acute eyesight. (SInv)
You cover ground extremely quickly. (Speed+++)


Message History

You start resting.
HP restored.
You start resting.
Magic restored.
A scorpion comes into view.
A scorpion is nearby!
The helpless scorpion fails to defend itself.
You impale the scorpion!!
You kill the scorpion!
Your Dodging skill increases to level 4!
You have reached level 6!
Blork the orc begins to cast a cantrip, but forgets the words!
An ogre comes into view. It is wielding a +0 giant club.
Blork the orc resists with some effort.
The ogre shouts!
Blork the orc mumbles some strange words.
Blork the orc seems to speed up.
You miscast Ensorcelled Hibernation.
You are very lightly contaminated with residual magic.
Nothing appears to happen.
Blork the orc hits you with a +0 war axe!
You hit Blork the orc.
Blork the orc is lightly wounded.
Blork the orc closely misses you. Blork the orc misses you.
Blork the orc resists with some effort.
Blork the orc hits you with a +0 war axe.
You are too injured to fight recklessly!
Casting: Ensorcelled Hibernation (safe; 10% risk of failure)
Confirm with . or Enter, or press ? or * to list all spells.
Aiming: Ensorcelled Hibernation (safe; 10% risk of failure)
Press: ? - help, Shift-Dir - straight line, f/p - Blork the orc
Aim: Blork the orc, wielding a +0 war axe and wearing a +0 robe (lightly wounded, fast, chance to affect: 44%) Blork the orc resists with some effort.
Blork the orc hits you with a +0 war axe!
* * * LOW HITPOINT WARNING * * *
Blork the orc gestures at you while chanting.
The puff of frost misses you. Blork the orc casts a spell at you.
The magic dart hits you!
You die...

.:....####.#..g#..
...... #o#####g#
..g..# #......g#
#.##.# #######.#
#. #O# #.# #. #.
#.# #[# #.##.##o#
####### #..
#.......# #.....#
### #...#@..#
#.....# ##.###..#
#.....# #..#.#.#
#.....# #......#
#.....# #
###.########.### #
#.# #.......# #
#.# #.####..# #
#.# #.####..## #
#.# #.##.....##


You could see Blork the orc (fast).

Vanquished Creatures
  2 scorpions
  2 hounds (D:4)
  An iguana (D:4)
  4 adders
  A dart slug (D:4)
  2 ribbon worms (D:2)
  7 orcs (D:3)
  4 bats
  8 endoplasms
  A giant cockroach (D:3)
  5 hobgoblins
  4 kobolds
  A quokka (D:1)
  8 ball pythons
  2 frilled lizards
  3 goblins
  4 rats
59 creatures vanquished.

Notes
Turn   | Place    | Note
-------+----------+-------------------------------------------
     0 | D:1      | Gadfly the Spriggan Enchanter began the quest for the Orb.
     0 | D:1      | Reached XP level 1. HP: 9/9 MP: 5/5
    62 | D:1      | Found a faded altar of an unknown god.
   226 | D:1      | Found Amnot's Jewellery Boutique.
   387 | D:1      | Reached XP level 2. HP: 12/13 MP: 6/6
   390 | D:1      | Learned a level 2 spell: Ensorcelled Hibernation
   903 | D:2      | Reached skill level 1 in Evocations
   907 | D:2      | Reached XP level 3. HP: 13/17 MP: 5/8
  1414 | D:2      | Found a glowing golden altar of the Shining One.
  1482 | D:2      | Reached skill level 1 in Fighting
  1807 | D:2      | Learned a level 3 spell: Confusing Touch
  2119 | D:3      | Noticed a scorpion
  2122 | D:3      | Found a white marble altar of Elyvilon.
  2127 | D:3      | Killed a scorpion
  2128 | D:3      | Reached skill level 5 in Stealth
  2128 | D:3      | Reached XP level 4. HP: 21/22 MP: 2/9
  2316 | D:3      | Reached XP level 5. HP: 25/25 MP: 0/11
  2552 | D:3      | Found an iron altar of Okawaru.
  3321 | D:4      | Noticed Blork the orc
  3322 | D:4      | Noticed Robin
  3449 | D:4      | Reached XP level 6. HP: 30/30 MP: 12/12
  3481 | D:4      | HP: 1/30 [Blork the orc/+0 war axe (10)]
  3483 | D:4      | Killed from afar by Blork the orc

Illustrated notes

Levels and vault maps discovered:
D:1:      saegor_arrival_simple_e, layout_basic, serial_shops,
          nicolae_shop_tiny_statue_garden, basic_ecumenical_altar,
          minmay_pentomino_o2
D:2:      layout_basic, basic_altar
D:3:      layout_basic, hellmonk_okawaru_the_only_friend_you_need,
          elyvilon_altar_5
D:4:      layout_loops_cross, nicolae_ru_great_annihilating_truth,
          grunt_ministairs_14, uniq_blork_the_orc, uniq_robin

Skill      XL: |  1  2  3  4  5 |
---------------+----------------+-----
Dodging        | 3 4 |  4.1
Evocations     | 1 2 |  2.7
Spellcasting   | 3 |  3.7
Fighting       | 1 |  1.7
Hexes          | 4 |  4.5
Short Blades   | 2 |  2.8
Stealth        | 5 |  5.7

Action                     |  1- 3 |  4- 6 || total
---------------------------+-------+-------++-------
  Melee: Dagger            |   111 |    47 ||   158
         Punch             |       |     1 ||     1
   Cast: Ensorcelled Hiber |    19 |    18 ||    37
    Use: Scroll            |     4 |     4 ||     8
   Stab: Sleeping          |    17 |    12 ||    29
 Armour: Robe              |    25 |    19 ||    44
  Dodge: Dodged            |    93 |    37 ||   130
